Map: Ley Lines

Players

Nicoract

  • Race: Terran Terran
  • League: Grandmaster
  • Spawn Location: 1:00

Spirit (souL) - Winner!

  • Race: Terran Terran
  • League: Grandmaster
  • Spawn Location: 7:00

VOD

Have the link to the VOD?

Description

Time

  • Played on: Oct. 29, 2025, 9:45 a.m.
  • Length: 12:11
Show
View Real Time Build Order
Export as new Build Order

Nicoract Terran 

Build Orders:  

Get SALT Encoding   

  12  0:00  SCV  
  13  0:12  SCV  
  14  0:17  Supply Depot  
  14  0:24  SCV  
  15  0:38  SCV  
  15  0:40  Barracks  
  16  0:43  Refinery  
  16  0:51  SCV  
  16  0:52  Refinery  
  17  1:03  SCV  
  18  1:15  SCV  
  19  1:28  Reaper, Orbital Command  
  19  1:31  Supply Depot  
  20  1:40  Factory  
  20  1:55  SCV  
  20  2:00  Reaper  
  22  2:07  SCV  
  23  2:15  Command Center  
  23  2:19  SCV  
  24  2:25  Hellion  
  26  2:31  SCV  
  26  2:32  Barracks Reactor  
  27  2:38  Starport  
  27  2:43  SCV  
  28  2:46  Factory Tech Lab  
  28  2:49  Supply Depot  
  28  2:55  SCV  
  29  3:07  SCV  
  29  3:10  Marine  
  29  3:11  Marine, Cyclone  
  35  3:15  Starport Tech Lab  
  35  3:16  Refinery  
  35  3:20  SCV  
  36  3:27  Orbital Command  
  36  3:30  Marine x2  
  36  3:33  SCV  
  39  3:38  Raven  
  41  3:46  SCV  
  42  3:48  Cyclone  
  42  3:54  SCV  
  46  3:56  Supply Depot  
  46  3:58  SCV  
  46  4:01  Marine x2  
  49  4:06  SCV  
  50  4:10  SCV  
  50  4:12  Raven  
  50  4:13  Interference Matrix  
  53  4:18  SCV  
  53  4:22  SCV, Supply Depot  
  55  4:28  Siege Tank  
  55  4:30  SCV  
  59  4:34  SCV  
  60  4:42  Command Center  
  60  4:43  SCV  
  61  4:46  SCV  
  61  4:48  Raven  
  64  4:57  SCV  
  64  4:58  Supply Depot, SCV  
  66  5:09  SCV  
  66  5:10  Barracks x2, Stimpack, SCV  
  66  5:12  Marine  
  69  5:14  Factory Reactor  
  69  5:21  Supply Depot, SCV  
  69  5:22  SCV  
  71  5:31  Marine  
  71  5:32  Starport Reactor  
  71  5:33  Engineering Bay x2  
  71  5:35  Refinery  
  72  5:36  SCV x2  
  74  5:46  Supply Depot  
  74  5:48  SCV x2  
  76  5:51  Marine  
  77  5:57  Barracks  
  77  5:58  Barracks  
  77  6:01  Marine x2  
  77  6:04  SCV x2  
  81  6:08  Terran Infantry Weapons Level 1, Terran Infantry Armor Level 1  
  81  6:10  Medivac  
  83  6:12  Medivac  
  85  6:19  Marine x3  
  85  6:22  Orbital Command  
  85  6:28  Marine  
  85  6:29  Marine  
  85  6:32  Siege Tank  
  90  6:38  SCV x2  
  87  6:42  Marine x3  
  87  6:44  Marine  
  87  6:46  Marine x2  
  79  6:47  SCV  
  79  6:50  SCV x2  
  79  6:53  Marine  
  68  6:59  SCV, Marine x2  
  68  7:00  Marine  
  71  7:02  SCV x2  
  71  7:03  Marine  
  71  7:04  Marine  
  71  7:06  Siege Tank  
  71  7:07  Combat Shield  
  75  7:08  Marine  
  75  7:11  SCV  
  75  7:14  SCV x2  
  80  7:18  Supply Depot  
  80  7:20  Marine  
  80  7:21  Marine x2  
  80  7:22  Armory, Barracks Reactor  
  83  7:24  Barracks Reactor  
  83  7:25  SCV  
  83  7:26  SCV  
  83  7:27  Marine x2  
  86  7:32  Medivac, Sensor Tower  
  86  7:33  Medivac  
  86  7:35  SCV  
  91  7:38  SCV x2  
  91  7:40  Marine  
  94  7:47  Marine x4, SCV  
  94  7:50  SCV x2  
  101  7:51  Siege Tank  
  104  7:59  SCV  
  104  8:00  Marine x3  
  104  8:03  Marine x2  
  104  8:05  Marine x2  
  108  8:06  SCV x2, Marine  
  108  8:11  Medivac x2  
  102  8:13  Marine  
  102  8:14  Terran Infantry Weapons Level 2, Terran Infantry Armor Level 2  
  102  8:17  Refinery  
  102  8:18  Refinery  
  103  8:20  Missile Turret  
  103  8:21  Marine x3  
  103  8:24  Missile Turret  
  103  8:27  Marine x4  
  106  8:28  Marine  
  106  8:29  SCV x2  
  106  8:32  Siege Tank  
  102  8:41  Marine x2  
  102  8:42  Marine x2  
  102  8:47  Medivac x2  
  102  8:48  Marine x2  
  99  8:50  Marine x2  
  99  8:51  Marine  
  99  8:53  SCV x2  
  103  8:59  Marine x2  
  105  9:05  Factory, Sensor Tower  
  103  9:12  Marine x3  
  103  9:13  Barracks Reactor  
  103  9:15  Marine x2  
  108  9:20  Marine x2  
  106  9:24  Marine  
  106  9:27  SCV x3  
  106  9:29  Siege Tank  
  106  9:30  Marine x3  
  115  9:33  Marine  
  115  9:38  Command Center  
  116  9:43  Marine  
  117  9:47  Supply Depot  
  117  9:54  Supply Depot  
  117  9:55  Supply Depot  
  117  10:02  Marine x5  
  117  10:03  Siege Tank  
  125  10:09  Marine, Medivac x2, Siege Tank  
  125  10:12  Sensor Tower  
  133  10:15  Marine x4  
  133  10:20  Marine x5  
  142  10:24  SCV x2  
  142  10:25  SCV  
  142  10:26  Marine  
  146  10:33  Marine x4  
  150  10:38  Marine x4  
  150  10:40  Marine  
  150  10:41  Siege Tank  
  156  10:44  Marine, Medivac x2  
  153  10:51  Marine x4  
  153  10:52  Planetary Fortress  
  153  10:56  Marine, SCV x3  
  161  11:01  Siege Tank  
  164  11:08  Supply Depot x2  
  164  11:09  Marine x2  
  164  11:10  Marine, Supply Depot  
  167  11:19  Medivac x2, Marine  
  172  11:27  Marine  
  172  11:29  Marine x7  
  172  11:30  Marine  
  171  11:37  Marine  
  155  11:45  Marine  
  155  11:46  Marine  
  151  11:47  Marine x7  
Show
View Real Time Build Order
Export as new Build Order

Spirit Terran - Winner!

Build Orders: Reaper Expand 

Get SALT Encoding   

  12  0:01  SCV  
  13  0:13  SCV  
  14  0:16  Supply Depot  
  14  0:25  SCV  
  15  0:38  SCV  
  15  0:39  Barracks  
  16  0:44  Refinery  
  16  0:50  SCV  
  17  1:02  SCV  
  18  1:14  SCV  
  19  1:27  Orbital Command  
  19  1:28  Reaper  
  20  1:40  Command Center  
  20  1:48  Supply Depot  
  20  1:52  SCV  
  21  2:00  Marine  
  22  2:04  SCV  
  22  2:07  Factory  
  23  2:16  SCV  
  23  2:17  Marine  
  23  2:18  Bunker  
  25  2:26  Refinery  
  25  2:28  SCV  
  26  2:36  Barracks Reactor  
  26  2:40  SCV  
  27  2:52  Hellion, Orbital Command, SCV  
  27  2:55  Starport  
  30  3:03  Refinery  
  30  3:05  SCV  
  31  3:13  Factory Tech Lab  
  31  3:14  Supply Depot, Marine  
  31  3:16  Marine  
  31  3:18  SCV  
  34  3:21  SCV  
  35  3:30  SCV  
  35  3:33  SCV, Cyclone  
  40  3:38  Starport Tech Lab, Marine  
  40  3:39  Marine  
  42  3:43  SCV  
  42  3:45  SCV  
  44  3:50  Supply Depot  
  44  3:55  SCV  
  44  3:57  Raven, SCV  
  44  3:59  Marine  
  44  4:02  Marine  
  50  4:07  Siege Tank, SCV  
  54  4:12  SCV  
  54  4:16  Supply Depot  
  55  4:17  Marine  
  55  4:19  Interference Matrix  
  55  4:20  SCV, Marine  
  59  4:24  SCV  
  61  4:31  Raven  
  61  4:32  SCV, Supply Depot  
  61  4:38  Marine x2, SCV  
  64  4:43  Siege Tank  
  64  4:44  SCV  
  69  4:50  SCV  
  70  4:55  Command Center  
  70  4:59  SCV  
  71  5:00  Supply Depot  
  71  5:04  SCV, Marine  
  71  5:05  Raven  
  71  5:06  Marine  
  76  5:11  Refinery  
  76  5:14  Supply Depot  
  76  5:20  SCV x2  
  78  5:22  Siege Tank, Marine  
  78  5:24  Marine  
  83  5:32  SCV x2  
  85  5:35  Barracks  
  85  5:36  Supply Depot  
  85  5:37  Barracks  
  85  5:42  Engineering Bay  
  85  5:45  SCV  
  85  5:46  Engineering Bay  
  85  5:47  SCV  
  87  5:53  Viking  
  87  5:54  Viking  
  87  5:56  Stimpack, Marine  
  92  5:59  SCV  
  92  6:03  Siege Tank  
  96  6:05  SCV  
  98  6:15  Terran Infantry Weapons Level 1, Terran Infantry Armor Level 1, SCV  
  98  6:19  SCV, Supply Depot  
  98  6:24  Barracks Reactor x2  
  99  6:27  SCV  
  99  6:31  SCV  
  101  6:37  Viking x2  
  101  6:38  SCV, Marine  
  101  6:39  SCV  
  104  6:43  SCV  
  91  6:50  SCV  
  91  6:52  SCV  
  87  6:55  SCV  
  87  6:56  Marine  
  87  7:00  Siege Tank  
  89  7:04  SCV, Marine  
  89  7:05  Marine  
  89  7:06  Marine  
  89  7:07  Marine, Viking  
  97  7:09  Orbital Command  
  97  7:13  Barracks  
  97  7:14  Marine  
  97  7:15  Barracks, Viking  
  99  7:22  Marine x2  
  99  7:26  SCV x2  
  99  7:27  Refinery x2, Sensor Tower  
  103  7:30  Marine x2  
  103  7:32  Marine  
  103  7:35  Combat Shield  
  103  7:36  Supply Depot  
  106  7:37  Armory  
  106  7:40  Marine x2  
  106  7:43  SCV x2  
  110  7:46  SCV  
  110  7:48  Marine x2  
  110  7:50  Marine, Sensor Tower  
  114  7:53  Siege Tank  
  114  7:55  SCV  
  114  7:56  SCV  
  114  7:58  Supply Depot, Marine x2  
  118  8:04  Barracks Reactor  
  120  8:05  Barracks Reactor  
  120  8:06  Marine x2  
  120  8:07  SCV, Supply Depot  
  120  8:10  Medivac x2, Marine  
  120  8:12  Supply Depot  
  123  8:14  Supply Depot  
  123  8:16  Marine x2  
  125  8:23  Command Center  
  125  8:24  Marine x2  
  125  8:25  Siege Tank  
  130  8:28  Marine  
  130  8:34  Marine x2  
  132  8:41  Marine x3  
  119  8:44  Marine x3  
  119  8:46  Marine  
  114  8:51  Marine  
  114  8:52  Marine  
  114  8:53  Medivac  
  118  8:56  Terran Infantry Weapons Level 2, Terran Infantry Armor Level 2  
  118  8:57  Siege Tank  
  118  8:58  Terran Vehicle Weapons Level 1  
  118  8:59  Marine x3  
  118  9:02  Marine x3  
  125  9:04  Marine  
  125  9:06  Supply Depot  
  125  9:07  Supply Depot  
  125  9:09  Factory, Marine x2  
  129  9:17  Marine x3  
  130  9:20  Marine x3  
  130  9:22  Marine  
  130  9:27  Marine x2  
  130  9:30  Siege Tank  
  130  9:31  Liberator  
  130  9:33  Liberator  
  130  9:34  Marine x2  
  130  9:35  Marine  
  130  9:38  Marine x3, SCV x2  
  142  9:39  Marine  
  142  9:45  Marine x2  
  147  9:52  Marine x2  
  148  9:53  Marine, Factory Tech Lab  
  148  9:56  Marine x3  
  148  9:57  Missile Turret  
  148  9:59  Sensor Tower  
  154  10:00  SCV x3  
  154  10:01  Marine  
  154  10:03  Sensor Tower  
  154  10:05  Siege Tank  
  160  10:08  Planetary Fortress  
  160  10:12  SCV x2  
  161  10:15  Medivac  
  161  10:16  Medivac  
  165  10:24  SCV  
  165  10:25  Refinery  
  165  10:26  Refinery, Starport  
  165  10:27  Starport, Marine x4  
  170  10:34  Marine  
  170  10:39  Marine x2  
  171  10:46  Command Center, Marine x3  
  174  10:50  Marine x3  
  174  10:52  Marine  
  174  10:53  Sensor Tower  
  174  10:56  Medivac x2  
  174  10:57  Marine, Siege Tank  
  182  10:58  Marine  
  187  11:04  Starport Reactor x2  
  187  11:08  Fusion Core  
  187  11:09  Armory  
  187  11:17  Siege Tank  
  190  11:23  Marine x2  
  190  11:24  Marine x3  
  195  11:26  Medivac  
  195  11:32  Marine  
  195  11:34  Marine x2  
  195  11:38  Marine  
  188  11:41  Marine x5  
  190  11:49  Marine  
  190  11:51  Marine x2  
Tags
 
Matchup
TvT
Player
souL
Race
Terran
Spawn Locations
Cross Positions
Add a new tag
Caveats
  • Supply blocks, unpowered buildings, or Contaminate may cause inaccurate times.
  • Supply counts are checked every 10 seconds.